 Dungeon Crawl Stone Soup version 0.31-a0-219-g8d62b2e7bb (webtiles) character file.

Game seed: 12932949024411694594

1383 vineage the Trooper (level 8, -2/54 HPs)
             Began as a Gargoyle Fighter on July 3, 2023.
             Slain by Blork the orc
             ... wielding a +0 battleaxe
              (11 damage)
             ... on level 6 of the Dungeon.
             The game lasted 00:06:38 (4784 turns).

vineage the Trooper (Gargoyle Fighter)              Turns: 4784, Time: 00:06:40

Health: -2/54      AC: 19    Str: 28    XL:     8   Next: 67%
Magic:  8/8        EV:  7    Int: 11    God:
Gold:   264        SH:  0    Dex: 11    Spells: 7/7 levels left

rFire   . . .        d - +5 woodcutter's axe
rCold   . . .        (shield currently unavailable)
rNeg    + . .        y - +0 plate armour
rPois   ∞            (no helmet)
rElec   +            l - +0 cloak
rCorr   .            (no gloves)
SInv    .            (no boots)
Will    .....        u - amulet of regeneration Stlth
                     e - ring "Zothav" {rPois Str+6 Int+2 Dex+2 Stlth-}
HPRegen 1.09/turn    (no ring)
MPRegen 0.11/turn

%: no passive effects
@: mighty
A: sickness immunity, AC +5, negative energy resistance 1, electricity
resistance, torment resistance 1, petrification resistance
a: no special abilities


You were on level 6 of the Dungeon.
You visited 2 branches of the dungeon, and saw 7 of its levels.
You also visited: Sewer.

You collected 264 gold pieces.

Inventory:

Hand Weapons
 a - a +0 spectral flail
 d - the +5 woodcutter's axe (weapon)
   (You took it off a gnoll on level 5 of the Dungeon)
 o - a +0 vampiric whip
Armour
 b - a +0 scale mail
 c - a +0 buckler
 l - a +0 cloak (worn)
 y - a +0 plate armour (worn)
Jewellery
 e - the ring "Zothav" (left hand) {rPois Str+6 Int+2 Dex+2 Stlth-}
   (You acquired it on level 1 of the Dungeon)

   [ring of strength]

   Str:       It affects your strength (+6).
   Int:       It affects your intelligence (+2).
   Dex:       It affects your dexterity (+2).
   rPois:     It protects you from poison.
   Stlth:     It makes you less stealthy.
 r - an amulet of magic regeneration
 u - an amulet of regeneration (around neck)
Wands
 s - a wand of flame (5)
Scrolls
 t - a scroll of teleportation
 w - a scroll of poison
 x - a scroll of torment
Potions
 f - a potion of heal wounds
 g - a potion of magic
 h - 2 potions of haste
 i - a potion of lignification
 j - a potion of attraction
 k - a potion of might
 m - a potion of invisibility {unknown}
 p - 2 potions of cancellation {unknown}
 q - a potion of brilliance {unknown}
 v - a potion of mutation {unknown}


   Skills:
 * Level 7.6 Fighting
 - Level 5.7 Maces & Flails
 + Level 5.7 Armour
 + Level 5.8 Shields


You had 7 spell levels left.
You didn't know any spells.
Your spell library contained the following spells:

 Spells                   Type           Power      Damage    Failure   Level
 Freeze                   Ice            0%         1d3       98%         1
 Magic Dart               Conj           0%         1d3       98%         1
 Necrotise                Necr           0%         1d4       98%         1
 Call Imp                 Summ           0%         N/A       99%         2
 Poisonous Vapours        Pois/Air       0%         N/A       99%         2
 Wereblood                Tmut           0%         N/A       99%         2
 Frozen Ramparts          Ice            0%         1d1       100%        3
 Hailstorm                Conj/Ice       0%         3d3       100%        3
 Inner Flame              Hex/Fire       0%         N/A       100%        3
 Mephitic Cloud           Conj/Pois/Air  0%         N/A       100%        3
 Ozocubu's Armour         Ice            0%         N/A       100%        3
 Tukima's Dance           Hex            0%         N/A       100%        3
 Vampiric Draining        Necr           0%         2d6       100%        3
 Animate Dead             Necr           0%         N/A       100%        4
 Passage of Golubria      Tloc           0%         N/A       100%        4
 Agony                    Necr           0%         N/A       100%        5
 Freezing Cloud           Conj/Ice/Air   0%         6-21      100%        5
 Metabolic Englaciation   Hex/Ice        0%         N/A       100%        5
 Yara's Violent Unravell  Hex/Tmut       0%         3d3       100%        5
 Simulacrum               Ice/Necr       0%         N/A       100%        6
 Enfeeble                 Hex            0%         N/A       100%        7
 Haunt                    Necr/Summ      0%         N/A       100%        7
 Summon Hydra             Summ           0%         N/A       100%        7
 Infestation              Necr           0%         N/A       100%        8
 Sublimation of Blood     Necr           Unusable   N/A       N/A         2

Dungeon Overview and Level Annotations

Branches:
Dungeon (6/15)             Temple (1/1) D:5           Sewer (visited)

Altars:
Ashenzari
Cheibriados
Dithmenos
Gozag
Hepliaklqana
Nemelex Xobeh
Qazlal
Ru
Sif Muna
Trog
Uskayaw
Vehumet
Xom
Yredelemnul
Zin

Shops:
D:3 *

Annotations:
D:3 2 transporters, Grinder
D:6 Blork the orc


Innate Abilities, Weirdness & Mutations

You are immune to sickness and miasma.
Your stone body is resilient. (AC +5)
You are immune to poison.
You resist negative energy. (rN+)
You are resistant to electric shocks. (rElec)
You are resistant to unholy torment.
You are immune to petrification.


Message History

You hit the adder.
You kill the adder!
You barely miss the two-headed ogre. The two-headed ogre barely misses you.
The two-headed ogre hits you with a +0 giant club.
You barely miss the two-headed ogre.
The two-headed ogre is moderately wounded.
Blork the orc hits you with a +0 battleaxe.
The two-headed ogre hits you but does no damage.
The two-headed ogre hits you with a +0 giant club!
You hit the two-headed ogre.
The two-headed ogre is heavily wounded.
You closely miss Blork the orc.
An ogre comes into view. It is wielding a +0 giant spiked club.
Blork the orc hits you but does no damage.
You barely miss the two-headed ogre.
The two-headed ogre is heavily wounded.
You barely miss Blork the orc.
The ogre shouts!
Blork the orc casts a cantrip, but nothing happens.
The two-headed ogre hits you but does no damage.
The two-headed ogre hits you with a +0 giant club.
Blork the orc closely misses you.
Sorry, you're not good enough to have a special ability.
You feel very mighty all of a sudden. Blork the orc closely misses you.
The two-headed ogre hits you with a +0 giant club!!
The two-headed ogre closely misses you.
You slice the two-headed ogre!!
The two-headed ogre is almost dead.
You hit Blork the orc.
Blork the orc hits you but does no damage.
Blork the orc hits you with a +0 battleaxe.
You barely miss the two-headed ogre.
The two-headed ogre is almost dead.
You slash Blork the orc!
The two-headed ogre hits you with a +0 giant club!
* * * LOW HITPOINT WARNING * * *
The two-headed ogre barely misses you.
Blork the orc hits you with a +0 battleaxe!
You die...

#......##.......
#............... .#..
##.............. ...
##<...........##..###
#..#......##....... .
#........###.....# ...
...##......##....$#....
........÷÷.##....o.O....
................@O......
.#.........~....>#......
#.....~.~~~~~..## .....
.....~~#~#†##### ....
##..#~~~~~~~÷~# ...
##..########~# ..
#.##~#~~~~÷~# . ..
#~#÷#÷#### #~#†#~~~~#


You could see a two-headed ogre, Blork the orc (fast) and an ogre.

Vanquished Creatures
  An ice beast (D:5)
  A black bear (D:6)
  An ogre (D:5)
  2 kobold brigands (Sewer)
  A scorpion (D:5)
  A gnoll sergeant (D:5)
  A howler monkey (D:4)
  3 jellies
  2 hounds (D:5)
  2 orc priests
  A gnoll bouda (D:5)
  4 iguanas
  2 orc wizards
  13 adders
  15 gnolls
  2 river rats (D:6)
  A shadow imp (D:4)
  2 ufetubi (D:5)
  A dart slug (D:1)
  6 worms
  8 orcs
  9 endoplasms
  3 giant cockroaches
  5 goblins
  9 hobgoblins
  20 kobolds
  3 quokkas
  13 ball pythons
  5 bats
  3 frilled lizards
  9 rats
149 creatures vanquished.

Notes
Turn   | Place    | Note
-------+----------+-------------------------------------------
     0 | D:1      | vineage the Gargoyle Fighter began the quest for the Orb.
     0 | D:1      | Reached XP level 1. HP: 14/14 MP: 1/1
   167 | D:1      | Reached XP level 2. HP: 14/19 MP: 2/2
   679 | D:1      | Identified a scroll of acquirement
   679 | D:1      | Acquired the ring "Zothav" {rPois Str+6 Int+2 Dex+2 Stlth-}
   702 | D:2      | Reached XP level 3. HP: 20/24 MP: 3/3
   722 | D:2      | Found a shimmering blue altar of Sif Muna.
   903 | D:2      | Reached skill level 4 in Fighting
   972 | D:2      | Reached XP level 4. HP: 28/29 MP: 4/4
  1298 | D:3      | Found a transporter.
  1425 | D:3      | Found Eruedas's Assorted Antiques.
  1427 | D:3      | Found a bloodstained altar of Trog.
  1596 | D:3      | Found a transporter.
  2040 | D:3      | Found a faded altar of an unknown god.
  2050 | D:3      | Noticed Grinder
  2052 | D:3      | Found an opulent altar of Gozag.
  2284 | D:4      | Reached XP level 5. HP: 34/34 MP: 5/5
  2298 | D:4      | Reached XP level 6. HP: 34/40 MP: 6/6
  2319 | D:4      | Reached skill level 5 in Fighting
  3020 | D:5      | Entered Level 5 of the Dungeon
  3067 | D:5      | Found a staircase to the Ecumenical Temple.
  3096 | Temple   | Entered the Ecumenical Temple
  3301 | D:5      | Noticed an ice beast
  3347 | D:5      | Killed an ice beast
  3348 | D:5      | Reached XP level 7. HP: 16/45 MP: 7/7
  3364 | D:5      | Reached skill level 6 in Fighting
  3396 | D:5      | Reached skill level 5 in Maces & Flails
  3704 | D:5      | Reached skill level 5 in Shields
  3847 | D:5      | Reached skill level 5 in Armour
  3847 | D:5      | Reached XP level 8. HP: 41/52 MP: 8/8
  4374 | D:6      | Reached skill level 7 in Fighting
  4437 | D:6      | Found a glowing drain.
  4445 | Sewer    | Entered a sewer
  4772 | D:6      | Noticed a two-headed ogre
  4774 | D:6      | Noticed Blork the orc
  4784 | D:6      | Slain by Blork the orc

Illustrated notes

Levels and vault maps discovered:
D:1:      psy_arrival_spokes, layout_loops_ring, dreamdust_mushroom_princess
D:2:      layout_basic, basic_altar, minmay_misc_feat_x
D:3:      gammafunk_steamed_eel, layout_loops_ring,
          mainiacjoe_overflow_alcove_2, nicolae_overflow_ecumenical_swirl,
          serial_shops, shop, dk_noncrumbling_2, kennysheep_another_room,
          uniq_grinder
D:4:      layout_loops_ring, chequers_serial_rivers_room_b
D:5:      layout_rooms, temple_pool_b, kennysheep_pointless_box,
          pf_guarded_unrand_woodcutter
D:6:      layout_cave_pools, lemuel_crystal_altar, mainiacjoe_overflow_brackets,
          serial_column_ruins, column_ruins_corridor_dead_end,
          column_ruins_columns_corner, column_ruins_grid_1,
          column_ruins_columns_straight, column_ruins_grid_3,
          column_ruins_open_large, lightli_sewer_entry_pipes, uniq_blork_the_orc
Temple:   compressed_dpeg_triangle_lava_temple

Skill      XL: |  1  2  3  4  5  6  7  8 |
---------------+-------------------------+-----
Fighting       | 4 5 6 7 |  7.6
Maces & Flails | 3 4 5 |  5.7
Armour         | 4 5 |  5.7
Shields        | 4 5 |  5.8

Action                     |  1- 3 |  4- 6 |  7- 9 || total
---------------------------+-------+-------+-------++-------
  Melee: Flail             |    99 |    96 |       ||   195
         Whip              |       |   151 |   107 ||   258
         Battleaxe         |       |       |   100 ||   100
    Use: Scroll            |     3 |     4 |     8 ||    15
         Potion            |       |     3 |     5 ||     8
 Armour: Scale mail        |    49 |   102 |    84 ||   235
         Plate armour      |       |       |    11 ||    11
  Dodge: Dodged            |    43 |    89 |    86 ||   218
  Block: Buckler           |    17 |    34 |    29 ||    80

Table legend: (Time is in decaauts)
 A = Elapsed time spent in this place.
 B = Non-inter-level travel time spent in this place.
 C = Inter-level travel time spent in this place.
 D = Time resting spent in this place.
 E = Time spent auto-exploring this place.
 F = Levels seen in this place.
 G = Mean time per level.
                   A        B        C        D        E       F      G
               +--------+--------+--------+--------+--------+-----+--------+
         Total |   4888 |   4544 |    344 |    145 |   3342 |   8 |  611.0 |
       Dungeon |   4360 |   4052 |    308 |    145 |   2972 |   6 |  726.7 |
        Temple |    194 |    158 |     36 |      0 |    150 |   1 |  194.0 |
         Sewer |    333 |    333 |      0 |      0 |    219 |   1 |  333.0 |
               +--------+--------+--------+--------+--------+-----+--------+

Top non-repeatable levels by time:
     D:5: 1076 daAuts
     D:4: 874 daAuts
     D:3: 866 daAuts
     D:1: 708 daAuts
     D:2: 624 daAuts
   Sewer: 333 daAuts
     D:6: 210 daAuts
  Temple: 194 daAuts
